AoeStats
← Dani120588

Lombardia

510040729Analyzed
4v4 RM · 2d ago on Sep 29, 2026· 82m 35s· 8 players
Game mode
Random Map
Map size
Large (8 player)
Population
200
Speed
Normal
Resources
Standard
Victory
Conquest
Starting age
Dark Age
Ending age
Imperial Age
RankedLock teamsTeams togetherTeam positionsShared explorationLock speedFull tech treeHidden civsTurbo modeCheats
Victory
Defeat
🇪🇨 Danes · Ecuador
755
+14
🇨🇷 Franks · Costa Rica
741
+15
🇲🇽 Mongols · Mexico
712
+16
🇺🇸 Dravidians · United States
687
+17
🇸🇬 Huns · Singapore
767
-17
🇲🇽 Burgundians · Mexico
756
-17
🇨🇳 Magyars · China
690
-15
🇲🇽 Huns · Mexico
645
-13
Dani120588
9:14 Loom
11:38 Feudal Age
17:00 Castle Age
15:06 Stone Mining
15:05 Double-Bit Axe
15:15 Gold Mining
30:30 Imperial Age
29:36 Forging
29:26 Scale Mail Armor
29:32 Scale Barding Armor
29:18 Fletching
32:27 Wheelbarrow
31:39 Town Watch
32:19 Chivalry
32:40 Conscription
32:00 Cavalier
32:41 Husbandry
34:31 Chain Barding Armor
34:47 Iron Casting
36:32 Plate Barding Armor
35:27 Paladin
38:43 Chemistry
37:50 Siege Engineers
37:25 Treadmill Crane
37:56 Masonry
38:07 Ballistics
37:43 Murder Holes
38:06 Hand Cart
40:19 Bow Saw
39:39 Pikeman
40:04 Gambesons
40:21 Squires
40:06 Arson
40:55 Chain Mail Armor
40:37 Bodkin Arrow
41:43 Blast Furnace
44:59 Plate Mail Armor
55:17 Halberdier
65:37 Spies/Treason
70:41 Padded Archer Armor
71:15 Architecture
75:13 Ordonnance Companies
75:15 Elite Throwing Axeman
76:32 Hoardings
76:03 Town Patrol
KAISER962605
9:35 Loom
11:50 Feudal Age
12:40 Double-Bit Axe
18:12 Castle Age
17:01 Horse Collar
18:44 Stone Mining
18:47 Gold Mining
20:28 Bow Saw
22:05 Crossbowman
23:38 Fletching
27:01 Bodkin Arrow
27:07 Padded Archer Armor
30:13 Caravan
38:44 Imperial Age
36:52 Ballistics
36:43 Thumb Ring
38:45 Hamask
40:16 Coinage
41:40 Forging
41:31 Scale Mail Armor
43:54 Chemistry
42:21 Capped Ram
46:39 Heavy Mounted Crossbowman
50:47 Elite Jomsviking
52:30 Bracer
57:14 Chain Mail Armor
57:35 Iron Casting
60:19 Blast Furnace
59:50 Plate Mail Armor
59:20 Elite Varangian Guard
59:49 Arson
59:59 Arson
60:05 Gambesons
60:25 Squires
Dora Explora
9:34 Loom
11:25 Feudal Age
12:37 Double-Bit Axe
13:01 Horse Collar
16:50 Wheelbarrow
21:52 Castle Age
20:14 Gold Mining
20:14 Stone Mining
21:48 Forging
21:38 Scale Mail Armor
22:45 Bow Saw
22:35 Heavy Plow
22:17 Pikeman
22:58 Squires
30:55 Iron Casting
31:10 Bow Saw
34:01 Hand Cart
35:09 Chain Mail Armor
40:50 Imperial Age
39:12 Caravan
40:24 Scale Barding Armor
42:37 Two-Man Saw
41:29 Siege Elephant
44:00 Conscription
44:16 Hoardings
43:53 Medical Corps
44:11 Wootz Steel
43:31 Halberdier
44:45 Plate Mail Armor
45:55 Blast Furnace
46:11 Elite Urumi Swordsman
46:50 Elite Elephant Archer
47:37 Thumb Ring
48:07 Ballistics
48:00 Fortified Wall
58:05 Chain Barding Armor
70:48 Light Cavalry
71:29 Husbandry
Silver
0:33 Loom
12:02 Feudal Age
14:14 Gold Mining
14:42 Double-Bit Axe
17:04 Castle Age
17:40 Stone Mining
18:20 Horse Collar
22:02 Wheelbarrow
24:21 Hand Cart
25:47 Stone Shaft Mining
25:52 Heavy Plow
26:11 Bow Saw
28:07 Fletching
31:40 Imperial Age
30:26 Gold Shaft Mining
31:41 Ballistics
32:20 Fletching
32:31 Padded Archer Armor
32:39 Thumb Ring
33:01 Parthian Tactics
33:03 Conscription
32:48 Nomads
34:31 Murder Holes
34:39 Bodkin Arrow
36:13 Bracer
36:40 Arson
36:56 Squires
37:14 Leather Archer Armor
37:11 Forging
38:34 Drill
38:28 Elite Mangudai
39:25 Capped Ram
40:45 Husbandry
41:21 Bloodlines
41:28 Light Cavalry
44:10 Iron Casting
43:37 Scale Mail Armor
43:44 Scale Barding Armor
44:34 Caravan
44:44 Caravan
46:06 Siege Ram
69:58 Spies/Treason
73:19 Chain Barding Armor
74:00 Blast Furnace
73:16 Chain Mail Armor
decs0793
12:00 Feudal Age
19:17 Double-Bit Axe
23:30 Castle Age
22:46 Horse Collar
26:47 Caravan
27:08 Bow Saw
27:36 Heavy Plow
27:32 Gold Mining
27:51 Stone Mining
29:30 Gold Shaft Mining
33:32 Loom
38:56 Imperial Age
39:04 Imperial Age
Soldaris
1:28 Loom
2:41 Loom
10:05 Feudal Age
10:34 Double-Bit Axe
11:26 Wheelbarrow
10:36 Horse Collar
11:52 Gold Mining
11:53 Stone Mining
20:51 Castle Age
21:43 Bow Saw
21:35 Heavy Plow
22:23 Gold Shaft Mining
22:23 Hand Cart
30:26 Caravan
31:21 Town Watch
31:28 Fletching
31:49 Forging
34:42 Imperial Age
33:16 Bodkin Arrow
33:56 Iron Casting
33:28 Scale Barding Armor
33:21 Murder Holes
33:47 Ballistics
35:07 Masonry
35:00 Scale Mail Armor
37:22 Chemistry
36:23 Bracer
37:24 Blast Furnace
36:46 Chain Barding Armor
37:56 Padded Archer Armor
38:12 Chain Mail Armor
39:06 Conscription
38:47 Marauders
38:56 Town Patrol
40:38 Thumb Ring
40:59 Parthian Tactics
39:54 Heavy Cavalry Archer
40:52 Leather Archer Armor
40:03 Elite Skirmisher
42:10 Two-Man Saw
40:57 Elite Tarkan
43:54 Plate Barding Armor
45:09 Bloodlines
45:00 Husbandry
joseabrojo
0:32 Loom
9:29 Double-Bit Axe
12:55 Feudal Age
16:59 Castle Age
16:00 Bow Saw
17:19 Forging
17:45 Husbandry
17:42 Horse Collar
17:51 Cavalier
19:05 Heavy Plow
22:01 Wheelbarrow
24:25 Iron Casting
24:40 Hand Cart
25:14 Scale Barding Armor
28:29 Two-Man Saw
28:46 Squires
28:32 Arson
28:57 Gold Mining
29:18 Treadmill Crane
30:20 Crop Rotation
29:41 Town Watch
31:05 Chain Barding Armor
30:19 Light Cavalry
32:03 Elite Skirmisher
36:02 Scale Mail Armor
40:36 Chain Mail Armor
40:12 Fletching
40:37 Masonry
41:30 Fortified Wall
41:42 Ballistics
43:56 Imperial Age
41:29 Padded Archer Armor
44:41 Gold Shaft Mining
47:08 Conscription
47:59 Chemistry
46:57 Bodkin Arrow
48:20 Burgundian Vineyards
tempus_edax
4:30 Loom
13:40 Feudal Age
14:10 Double-Bit Axe
16:10 Horse Collar
16:28 Gold Mining
24:09 Castle Age
22:12 Stone Mining
25:33 Wheelbarrow
25:10 Town Watch
25:41 Bow Saw
27:39 Fervor
29:10 Hand Cart
28:56 Town Patrol
28:26 Light Cavalry
29:17 Bloodlines
29:13 Husbandry
29:22 Scale Barding Armor
33:45 Chain Barding Armor
35:01 Gold Shaft Mining
37:14 Corvinian Army
40:41 Imperial Age
38:53 Masonry
38:23 Treadmill Crane
38:35 Heated Shot
39:09 Ballistics
38:45 Murder Holes
38:54 Fletching
39:38 Light Cavalry
40:48 Caravan
41:19 Coinage
40:58 Hussar
40:59 Cavalier
42:40 Conscription
42:34 Elite Magyar Huszar
43:56 Plate Barding Armor
46:30 Banking
45:41 Paladin
46:43 Bodkin Arrow
Connection lost

Rejoining the realm…

Still unreachable

The connection could not be restored.

Session expired

The server has moved on; the page needs a fresh start.